 Dungeon Crawl Stone Soup version 0.26-b1-32-g5d43845318 (webtiles) character file.

Game seed: 15634405371249990758

282 Sekiam the Shield-Bearer (level 6, -5/38 HPs)
             Began as a Gargoyle Fighter on Jan 11, 2021.
             Was an Initiate of Gozag.
             Killed by divine providence
             ... invoked by an orc priest
              (10 damage)
             ... on level 3 of the Dungeon.
             The game lasted 00:05:41 (1842 turns).

Sekiam the Shield-Bearer (Gargoyle Fighter)         Turns: 1842, Time: 00:05:41

Health: -5/38      AC: 17    Str: 22    XL:     6   Next: 28%
Magic:  6/6        EV:  6    Int: 14    God:    Gozag
Gold:   173        SH:  9    Dex:  9    Spells: 5/5 levels left

rFire    + . .     SeeInvis .   a - +0 flail
rCold    . . .     Faith    .   c - +0 kite shield
rNeg     + . .     Spirit   .   g - +2 chain mail {rF+}
rPois    ∞         Reflect  .   (no helmet)
rElec    +         Harm     .   (no cloak)
rCorr    .         Rampage  .   (no gloves)
Will     .....                  p - +0 pair of boots
Stlth    ..........             o - amulet of the acrobat
HPRegen  0.12/turn              m - +6 ring of intelligence
MPRegen  0.10/turn              (no ring)

@: gold aura
A: negative energy resistance 1, electricity resistance, unbreathing,
petrification resistance, miasma immunity, AC +4
a: Renounce Religion, Potion Petition, Call Merchant, Bribe Branch


You were on level 3 of the Dungeon.
You worshipped Gozag.
Gozag was aware of your devotion.
You visited 1 branch of the dungeon, and saw 3 of its levels.

You collected 214 gold pieces.
You paid 41 gold pieces to Gozag.

Inventory:

Hand Weapons
 a - a +0 flail (weapon)
Armour
 b - a +0 scale mail
 c - a +0 kite shield (worn)
 g - a +2 chain mail of fire resistance (worn)
 p - a +0 pair of boots (worn)
Jewellery
 m - a +6 ring of intelligence (left hand)
 o - an amulet of the acrobat (around neck)
Wands
 l - a wand of acid (6) (quivered)
Scrolls
 f - 3 scrolls of teleportation {unknown}
 i - a scroll of enchant weapon {unknown}
 j - a scroll of enchant armour {unknown}
 k - a scroll of immolation {unknown}
 n - a scroll of noise {unknown}
 q - a scroll of fog {unknown}
Potions
 d - a potion of might
 e - a potion of berserk rage {unknown}
 h - a potion of curing {unknown}


   Skills:
 + Level 4.2 Fighting
 + Level 3.9 Maces & Flails
 + Level 4.5 Armour
 + Level 1.0 Dodging
 + Level 4.5 Shields


You had 5 spell levels left.
You didn't know any spells.
Your spell library was empty.

Dungeon Overview and Level Annotations

Branches:
Dungeon (3/15)

Altars:
Cheibriados
Gozag


Innate Abilities, Weirdness & Mutations

You are resistant to torment.
Your stone body is resilient. (AC +4)
You are immune to poison.
You resist negative energy. (rN+)
You are resistant to electric shocks. (rElec)
You can survive without breathing.
You are immune to petrification.
You are immune to miasma.


Message History

You are too injured to fight recklessly!
Okay, then.
You hit the orc priest but do no damage.
The orc priest is lightly wounded.
The orc priest closely misses you.
You barely miss the orc priest.
The orc priest is lightly wounded.
You block the orc priest's attack.
The orc priest calls down the wrath of Beogh upon you.
Pain shoots through your body!
* * * LOW HITPOINT WARNING * * *
You hit the orc priest.
The orc priest is heavily wounded.
You block the orc priest's attack.
You barely miss the orc priest.
The orc priest is heavily wounded.
The orc priest mumbles some strange prayers to Beogh against you.
Beogh smites you!
You die...
Your body crumbles into a pile of gold.

#### ....## #....# #
.#...# #.####
_.#..######<##.. #
.#...##......#.######.##
#.......................
.......)................
................@o.....#
..<..(........#.#####.##
..................##
...........)..........
..............#.###.##
.............##.# ..
.....##.....###.# ##
############# #.# #.#


You could see an orc priest.

Vanquished Creatures
  Sigmund (D:2)
  Terence (D:1)
  Jessica (D:3)
  2 adders (D:2)
  An ooze (D:1)
  2 worms (D:2)
  A dart slug (D:2)
  2 leopard geckos
  2 orcs (D:3)
  4 goblins
  6 hobgoblins
  4 jackals
  7 bats
  3 kobolds
  3 rats
40 creatures vanquished.

Notes
Turn   | Place    | Note
-------+----------+-------------------------------------------
     0 | D:1      | Sekiam the Gargoyle Fighter began the quest for the Orb.
     0 | D:1      | Reached XP level 1. HP: 14/14 MP: 1/1
   113 | D:1      | Reached XP level 2. HP: 18/19 MP: 2/2
   654 | D:2      | Noticed Terence
   680 | D:1      | Killed Terence
   681 | D:1      | Reached XP level 3. HP: 9/24 MP: 3/3
   922 | D:2      | Reached XP level 4. HP: 17/29 MP: 4/4
  1187 | D:2      | Found an opulent altar of Gozag.
  1199 | D:2      | Became a worshipper of Gozag Ym Sagoz the Greedy
  1202 | D:2      | Found a snail-covered altar of Cheibriados.
  1261 | D:2      | Noticed Sigmund
  1273 | D:2      | Killed Sigmund
  1274 | D:2      | Reached skill level 1 in Dodging
  1274 | D:2      | Reached XP level 5. HP: 24/33 MP: 5/5
  1394 | D:2      | Reached XP level 6. HP: 38/38 MP: 6/6
  1797 | D:3      | Found a faded altar of an unknown god.
  1812 | D:3      | Noticed Jessica
  1816 | D:3      | Killed Jessica
  1842 | D:3      | Killed from afar by an orc priest

Illustrated notes

Levels and vault maps discovered:
D:1:      minmay_arrival_four_loops, layout_basic
D:2:      layout_basic, minitemple, uniq_terence, uniq_sigmund
D:3:      layout_rooms, chequers_ecumenical_altar_simple_redux,
          palyth_stone_intersect, fedhas_altar_2, uniq_natasha, uniq_jessica

Skill      XL: |  1  2  3  4 |
---------------+-------------+-----
Fighting       | 4 |  4.2
Maces & Flails | 3 |  3.9
Armour         | 4 |  4.5
Dodging        | 1 |  1.0
Shields        | 4 |  4.5

Action                   |  1- 3 |  4- 6 || total
-------------------------+-------+-------++-------
Melee: Flail             |    78 |    62 ||   140
  Use: Potion            |       |     1 ||     1
Armor: Scale mail        |    31 |       ||    31
       Chain mail        |    53 |    34 ||    87
Dodge: Dodged            |    38 |     8 ||    46
Block: Kite shield       |    67 |    30 ||    97
